 Dungeon Crawl Stone Soup version 0.20-a0-540-ge6d1839 (webtiles) character file.

116 XO4YCPATb the Stinger (level 5, -5/28 HPs)
             Began as a Gargoyle Venom Mage on Jan 29, 2017.
             Slain by azzavlup's ghost (7 damage)
             ... on level 3 of the Dungeon.
             The game lasted 00:08:59 (3115 turns).

XO4YCPATb the Stinger (Gargoyle Venom Mage)         Turns: 3115, Time: 00:09:00

Health: -5/28      AC:  6    Str: 11    XL:     5   Next: 1%
Magic:  8/8        EV: 12    Int: 17    God:
Gold:   185        SH:  0    Dex: 10    Spells: 1/8 levels left

rFire    . . .     SeeInvis .   i - +0 whip
rCold    . . .     Gourm    .   a - +0 robe
rNeg     + . .     Faith    .   (no shield)
rPois    ∞         Spirit   .   (no helmet)
rElec    +         Reflect  .   (no cloak)
rCorr    .         Harm     .   (no gloves)
MR       .....                  (no boots)
Stlth    ++........             (no amulet)
Regen    0.1/turn               (no ring)
                                (no ring)

@: no status effects
A: negative energy resistance 1, electricity resistance, unbreathing,
petrification resistance, rot immunity, AC +4
a: no special abilities


You were on level 3 of the Dungeon.
You were very hungry.

You visited 1 branch of the dungeon, and saw 3 of its levels.

You collected 185 gold pieces.

Inventory:

Hand Weapons
 i - a +0 whip (weapon)
Armour
 a - a +0 robe (worn)
Scrolls
 d - 4 scrolls of identify {unknown}
 l - a scroll of magic mapping {unknown}
 p - a scroll of amnesia {unknown}
 r - a scroll of remove curse {unknown}
Potions
 e - a potion of degeneration {unknown}
 f - 2 potions of cancellation {unknown}
 j - 2 potions of curing {unknown}
 n - a potion of flight {unknown}
 o - a potion of might {unknown}
 q - a potion of ambrosia {unknown}
 s - a potion of brilliance {unknown}
 t - a potion of mutation {unknown}
Books
 b - a Young Poisoner's Handbook

   Spells                             Type                      Level
   a - Sting                          Conjuration/Poison           1
   b - Poisonous Vapours              Poison/Air                   2
   c - Mephitic Cloud                 Conjuration/Poison/Air       3
   d - Olgreb's Toxic Radiance        Poison                       4
   e - Venom Bolt                     Conjuration/Poison           5
Comestibles
 c - 4 bread rations
 g - a fruit
 h - a meat ration
 k - 2 royal jellies


   Skills:
 * Level 2.1 Maces & Flails
 - Level 1.5 Dodging
 - Level 2.1 Stealth
 + Level 2.2 Spellcasting
 - Level 1.1 Conjurations
 - Level 2.0 Air Magic
 + Level 3.9 Poison Magic


You had one spell level left.
You knew the following spells:

 Your Spells              Type           Power        Failure   Level  Hunger
a - Sting                 Conj/Pois      ##..         10%         1    #......
b - Poisonous Vapours     Pois/Air       ##....       10%         2    ###....
c - Olgreb's Toxic Radia  Pois           ###.....     45%         4    #####..


Dungeon Overview and Level Annotations

Branches:
Dungeon (3/15)

Altars:
Ashenzari
Dithmenos
Trog

Annotations:
D:3 Blork the orc; azzavlup's ghost, amateur DsAK


Innate Abilities, Weirdness & Mutations

You are resistant to torment.
Your stone body is resilient. (AC +4)
You are immune to poison.
You resist negative energy. (rN+)
You are resistant to electric shocks. (rElec)
You can survive without breathing.
You are immune to petrification.
You are immune to rotting.


Message History

Azzavlup's ghost is moderately damaged.
Azzavlup's ghost hits you!
You closely miss azzavlup's ghost.
Azzavlup's ghost is moderately damaged.
Azzavlup's ghost says, "Live by the sword, die by the sword."
Azzavlup's ghost misses you.
You barely miss azzavlup's ghost.
Azzavlup's ghost is moderately damaged.
Azzavlup's ghost barely misses you.
You hit azzavlup's ghost.
Azzavlup's ghost is heavily damaged.
Azzavlup's ghost holds its blade at the ready.
Azzavlup's ghost hits you!
* * * LOW HITPOINT WARNING * * *
You barely miss azzavlup's ghost.
Azzavlup's ghost is heavily damaged.
Azzavlup's ghost hits you.
* * * LOW HITPOINT WARNING * * *
Azzavlup's ghost hits you!
You die...

### ##...# ############
#...... #..........##
#....... #.....?.....##
....≈≈≈. #............#
...≈≈≈≈≈ ####.........#
..≈≈...≈ #.........#
W.≈≈.>.≈ #.........#
..≈≈...≈ #.@........
...≈≈≈≈≈ ##W......#
....≈≈≈. #.........#
#....... #............
##...... ##.............#
.###...###...............
#.######...............?.
#......#...........>.....
#...#..##.............##.#


You could see azzavlup's ghost.

Vanquished Creatures
  4 adders (D:2)
  A worm (D:2)
  3 dart slugs
  2 leopard geckos (D:1)
  3 giant cockroaches (D:2)
  6 goblins
  8 hobgoblins
  11 jackals
  A quokka (D:2)
  9 bats
  3 frilled lizards (D:1)
  9 kobolds
  4 rats (D:2)
64 creatures vanquished.

Notes
Turn   | Place    | Note
-------+----------+-------------------------------------------
     0 | D:1      | XO4YCPATb the Gargoyle Venom Mage began the quest for the Orb.
     0 | D:1      | Reached XP level 1. HP: 10/10 MP: 3/3
    79 | D:1      | Reached XP level 2. HP: 5/15 MP: 0/5
   104 | D:1      | Learned a level 2 spell: Poisonous Vapours
   869 | D:1      | Reached skill level 1 in Air Magic
   951 | D:1      | Reached XP level 3. HP: 19/19 MP: 3/6
  1885 | D:2      | Reached XP level 4. HP: 24/24 MP: 2/7
  1952 | D:2      | Reached skill level 1 in Maces & Flails
  2032 | D:2      | Found a shadowy altar of Dithmenos.
  2203 | D:2      | Learned a level 4 spell: Olgreb's Toxic Radiance
  2796 | D:3      | Found a bloodstained altar of Trog.
  2866 | D:3      | Found a shattered altar of Ashenzari.
  2933 | D:3      | Noticed Blork the orc
  2966 | D:3      | Noticed azzavlup's ghost (amateur DsAK)
  3051 | D:3      | Reached XP level 5. HP: 28/28 MP: 3/8
  3115 | D:3      | Slain by azzavlup's ghost

Vault maps used:
D:1:      erik_arrival_triangle_small, supply_closet_lemuel
D:2:      nicolae_dithmenos_shadow_blocks, kennysheep_boxes
D:3:      nicolae_overflow_hidden_temple, tgw_sif, lemuel_doored_altar,
          overflow_temple_1_default, chequers_ecumenical_altar_simple,
          first_bread

Skill      XL: |  1  2  3  4 |
---------------+-------------+-----
Air Magic      | 1 2 |  2.0
Maces & Flails | 2 |  2.1
Dodging        | |  1.5
Stealth        | |  2.1
Spellcasting   | |  2.2
Conjurations   | |  1.1
Poison Magic   | |  3.9

Action                   |  1- 3 |  4- 6 || total
-------------------------+-------+-------++-------
Melee: Unarmed           |    30 |       ||    30
       Whip              |     8 |    35 ||    43
 Cast: Sting             |    11 |       ||    11
       Poisonous Vapours |    35 |    29 ||    64
  Eat: Chunk             |     5 |     5 ||    10
Armor: Robe              |    23 |    12 ||    35
Dodge: Dodged            |    59 |    25 ||    84
